 Dungeon Crawl Stone Soup version 0.28-a0-1389-gc726bef33b (webtiles) character file.

Game seed: 2634277504517478560

450 SensoryNuts the Covered (level 6, -3/72 HPs)
             Began as a Demonspawn Fighter on Jan 3, 2022.
             Slain by Edmund (6 damage)
             ... on level 4 of the Dungeon.
             The game lasted 00:04:46 (4287 turns).

SensoryNuts the Covered (Demonspawn Fighter)        Turns: 4287, Time: 00:04:47

Health: -3/72      AC: 23    Str: 18 (19) XL:     6   Next: 74%
Magic:  6/6        EV:  2    Int:  8 (9)  God:
Gold:   107        SH:  4    Dex: 12      Spells: 5/5 levels left

rFire   + . .      SeeInvis .   n - +0 short sword (speed)
rCold   + . .      Faith    .   c - +0 buckler
rNeg    . . .      Spirit   .   (armour currently unavailable)
rPois   +          Reflect  .   (helmet currently unavailable)
rElec   +          Harm     .   (cloak currently unavailable)
rCorr   +          Rampage  .   (gloves currently unavailable)
Will    .....      NoTele   +   (boots currently unavailable)
Stlth   +.........              (no amulet)
HPRegen 0.22/turn               (no ring)
MPRegen 0.10/turn               (no ring)

@: brilliant, tree-form, resistant
A: stationary, stasis, torment immunity, boosted hp, (spiny 1), (demonic touch
1)
a: no special abilities


You were on level 4 of the Dungeon.
You were a tree.
You visited 1 branch of the dungeon, and saw 4 of its levels.

You collected 107 gold pieces.

Inventory:

Hand Weapons
 a - a +0 long sword
 n - a +0 short sword of speed (weapon)
Armour
 b - a +0 scale mail
 c - a +0 buckler (worn)
 e - a +0 plate armour (melded)
Wands
 g - a wand of mindburst (6) (quivered)
Scrolls
 h - a scroll of silence
 j - a scroll of enchant armour
 o - a scroll of brand weapon {unknown}
Potions
 f - a potion of flight
 i - a potion of attraction


   Skills:
 + Level 4.0 Fighting
 + Level 2.2(3.3) Short Blades
 + Level 3.7(4.1) Long Blades
 + Level 4.1 Armour
 + Level 0.3 Dodging
 + Level 0.3 Stealth
 + Level 3.3 Shields
 + Level 1.2 Evocations


You had 5 spell levels left.
You didn't know any spells.
Your spell library contained the following spells:

 Spells                   Type           Power      Damage    Failure   Level
 Slow                     Hex            0%         N/A       43%         1
 Summon Small Mammal      Summ           0%         N/A       43%         1
 Call Canine Familiar     Summ           0%         N/A       80%         3
 Confusing Touch          Hex            0%         N/A       80%         3
 Ignite Poison            Fire/Tmut/Pois 0%         N/A       80%         3
 Mephitic Cloud           Conj/Pois/Air  0%         N/A       80%         3
 Ozocubu's Armour         Ice            0%         N/A       80%         3
 Summon Guardian Golem    Hex/Summ       0%         N/A       80%         3
 Vampiric Draining        Necr           0%         2d6       80%         3
 Freezing Cloud           Conj/Ice/Air   0%         6-21      100%        5
 Ozocubu's Refrigeration  Ice            0%         4d5       100%        7


Dungeon Overview and Level Annotations

Branches:
Dungeon (4/15)
 Temple: D:4-7

Altars:
Fedhas
Hepliaklqana
Okawaru
Qazlal
Trog
Uskayaw
Vehumet
Yredelemnul

Annotations:
D:4 Edmund


Innate Abilities, Weirdness & Mutations

You are a tree.
Your roots penetrate the ground, keeping you stationary.
You cannot be teleported.
You are immune to unholy pain and torment.
Your maximum health is greatly increased.
Your equipment is partially melded.
((You are partially covered in sharp spines.))
((Your touch may inflict minor irresistible damage on your foes.))


Message History

Edmund is heavily wounded.
Edmund hits you with a +5 flail of protection!
You hit Edmund but do no damage.
Edmund is heavily wounded.
You hit Edmund.
Edmund is heavily wounded.
Edmund hits you with a +5 flail of protection!
* * * LOW HITPOINT WARNING * * *
It was a potion of brilliance.
You feel clever all of a sudden. Edmund hits you but does no damage.
It was a potion of resistance.
You feel protected.
Edmund says, "People think my brother is the best.
I think he's crazy."
Edmund barely misses you.
It was a potion of lignification.
You turn into a tree.
Your +0 plate armour melds into your body.
Your roots penetrate the ground.
Edmund says, "People will remember me!
They'll remember me and die!"
Edmund hits you with a +5 flail of protection.
* * * LOW HITPOINT WARNING * * *
You barely miss Edmund.
Edmund is heavily wounded.
Edmund hits you but does no damage.
You barely miss Edmund.
Edmund is heavily wounded.
Edmund hits you with a +5 flail of protection!
* * * LOW HITPOINT WARNING * * *
You hit Edmund.
Edmund is severely wounded.
You closely miss Edmund.
Edmund is severely wounded.
Edmund says, "People think my brother is the best.
I think he's crazy."
Edmund hits you but does no damage.
You hit Edmund but do no damage.
Edmund is severely wounded.
As you read the scroll of identify, it crumbles to dust.
j - a scroll of enchant armour Edmund hits you with a +5 flail of protection.
You die...

##...........†.....<.......
#.....†...................
#.........................
#.........................
#.$.......................
#................####.....
#................##≈#.....
#................##≈#.....
......@♣.^.....#≈≈#.....
.>..............≈≈≈.....
...............≈≈≈≈.....
##############..≈≈...###
#≈.≈≈≈)..# #..≈≈≈≈..#
#≈≈≈≈≈≈..# #≈≈.≈≈[..#
#..≈.≈...#


You could see Edmund.

Vanquished Creatures
  An ogre (D:4)
  Blork the orc (D:4)
  A jelly (D:4)
  A hound (D:4)
  Natasha (thrice) (D:3)
  A statue (D:3)
  3 gnolls (D:4)
  3 adders (D:2)
  A worm (D:2)
  3 dart slugs
  8 endoplasms
  8 giant cockroaches
  12 hobgoblins
  3 jackals (D:2)
  4 quokkas
  6 ball pythons
  3 bats
  8 frilled lizards
  7 goblins
  4 kobolds
  7 rats
88 creatures vanquished.

Vanquished Creatures (others)
  11 plants (D:3)
11 creatures vanquished.

Grand Total: 99 creatures vanquished

Notes
Turn   | Place    | Note
-------+----------+-------------------------------------------
     0 | D:1      | SensoryNuts the Demonspawn Fighter began the quest for the
                  | Orb.
     0 | D:1      | Reached XP level 1. HP: 18/18 MP: 1/1
   350 | D:1      | Gained mutation: You are partially covered in sharp spines.
                  | [demonic ancestry]
   350 | D:1      | Reached XP level 2. HP: 11/24 MP: 2/2
   676 | D:1      | Found a faded altar of an unknown god.
   741 | D:1      | Reached XP level 3. HP: 29/29 MP: 3/3
  1521 | D:2      | Gained mutation: Your touch may inflict minor irresistible
                  | damage on your foes. [demonic ancestry]
  1521 | D:2      | Reached XP level 4. HP: 35/35 MP: 4/4
  1735 | D:2      | Found a hazy altar of Hepliaklqana.
  2047 | D:3      | Found a blossoming altar of Fedhas.
  2146 | D:3      | Found a radiant altar of Vehumet.
  2147 | D:3      | Noticed a frost-covered statue
  2210 | D:3      | Noticed Natasha
  2218 | D:3      | Killed Natasha
  2372 | D:3      | Noticed Natasha
  2384 | D:3      | Killed Natasha
  2385 | D:3      | Reached XP level 5. HP: 7/41 MP: 5/5
  2662 | D:3      | Found a basalt altar of Yredelemnul.
  2667 | D:3      | Found a hide-covered altar of Uskayaw.
  2667 | D:3      | Found a bloodstained altar of Trog.
  2667 | D:3      | Found a stormy altar of Qazlal.
  2690 | D:3      | Found a hazy altar of Hepliaklqana.
  2690 | D:3      | Noticed Natasha
  2712 | D:3      | Killed Natasha
  3182 | D:3      | Killed a frost-covered statue
  3408 | D:4      | Found an iron altar of Okawaru.
  3416 | D:4      | Reached skill level 1 in Short Blades
  3494 | D:4      | Noticed an ogre
  3688 | D:4      | Reached XP level 6. HP: 41/48 MP: 6/6
  3879 | D:4      | Reached skill level 1 in Evocations
  4115 | D:4      | Noticed Blork the orc
  4131 | D:4      | Killed Blork the orc
  4254 | D:4      | Noticed Edmund
  4283 | D:4      | HP: 3/72 [Edmund (8)]
  4287 | D:4      | Slain by Edmund

Illustrated notes

Levels and vault maps discovered:
D:1:      dpeg_arrival_round_c, layout_basic,
          shapermc_ecumenical_altar_mp_highgroup
D:2:      layout_basic, basic_altar
D:3:      layout_rooms, nicolae_hepliaklqana_hazy_memory, vehumet_statue,
          grunt_temple_overflow_open, mainiacjoe_overflow_24_doors, uniq_natasha
D:4:      layout_basic, okawaru_trees_1, chequers_serial_rivers_small_3,
          uniq_edmund, uniq_blork_the_orc, uniq_crazy_yiuf_cottage

Skill      XL: |  1  2  3  4  5  6 |
---------------+-------------------+-----
Armour         | 3 4 |  4.1
Long Blades    | 2 3 |  3.7
Shields        | 3 |  3.3
Short Blades   | 1 2 |  2.2
Evocations     | 1 |  1.2
Fighting       | 4 |  4.0
Dodging        | |  0.3
Stealth        | |  0.3

Action                   |  1- 3 |  4- 6 || total
-------------------------+-------+-------++-------
Melee: Long sword        |    81 |    56 ||   137
       Short sword       |       |   133 ||   133
Evoke: Wand              |       |     9 ||     9
  Use: Scroll            |     1 |     7 ||     8
       Potion            |       |     8 ||     8
Armor: Scale mail        |    10 |       ||    10
       Plate armour      |    36 |    81 ||   117
       Skin              |       |     2 ||     2
Dodge: Dodged            |    23 |    26 ||    49
Block: Buckler           |    12 |    17 ||    29

Table legend: (Time is in decaauts)
 A = Elapsed time spent in this place.
 B = Non-inter-level travel time spent in this place.
 C = Inter-level travel time spent in this place.
 D = Time resting spent in this place.
 E = Time spent auto-exploring this place.
 F = Levels seen in this place.
 G = Mean time per level.
                   A        B        C        D        E       F      G
               +--------+--------+--------+--------+--------+-----+--------+
         Total |   4285 |   4011 |    274 |     90 |   3200 |   4 | 1071.2 |
       Dungeon |   4285 |   4011 |    274 |     90 |   3200 |   4 | 1071.2 |
               +--------+--------+--------+--------+--------+-----+--------+

Top non-repeatable levels by time:
     D:3: 1470 daAuts
     D:1: 1162 daAuts
     D:2: 860 daAuts
     D:4: 791 daAuts
